 Dungeon Crawl Stone Soup version 0.28.0-1-gb440e238dd (webtiles) character file.

Game seed: 580116476351787748

16409 Findor the Basher (level 12, -4/73 HPs)
             Began as a Gargoyle Monk on Feb 20, 2022.
             Was a High Priest of Okawaru.
             Killed from afar by a hell hog (5 damage)
             ... with a fireball
             ... in a volcano.
             The game lasted 00:22:39 (14586 turns).

Findor the Basher (Gargoyle Monk)                  Turns: 14586, Time: 00:22:39

Health: -4/73      AC: 20    Str: 19    XL:     12   Next: 37%
Magic:  14/15      EV: 15    Int: 12    God:    Okawaru [*****.]
Gold:   318        SH:  7    Dex: 12    Spells: 10/11 levels left

rFire   + . .      SeeInvis .   a - +3 eveningstar (venom)
rCold   x . .      Faith    .   s - +0 buckler
rNeg    + . .      Spirit   .   I - +0 ring mail
rPois   ∞          Reflect  .   H - +1 hat {Will+}
rElec   +          Harm     .   f - +0 cloak
rCorr   .          Rampage  .   (no gloves)
Will    +....                   G - +0 pair of boots
Stlth   +++.......              (no amulet)
HPRegen 0.22/turn               r - ring of fire
MPRegen 0.14/turn               (no ring)

@: heroic, hasted, studying Dodging, very quick
A: sickness immunity, AC +8, negative energy resistance 1, electricity
resistance, torment resistance 1, petrification resistance
a: Renounce Religion, Heroism, Finesse, Duel


You were in a volcano.
You worshipped Okawaru.
Okawaru was extremely pleased with you.
You visited 3 branches of the dungeon, and saw 13 of its levels.
You also visited: Sewer and Volcano.

You collected 478 gold pieces.
You spent 160 gold pieces at shops.


Innate Abilities, Weirdness & Mutations

You are immune to sickness and miasma.
Your stone body is resilient. (AC +8)
You are immune to poison.
You resist negative energy. (rN+)
You are resistant to electric shocks. (rElec)
You are resistant to unholy torment.
You are immune to petrification.


   Skills:
 + Level 7.8(12.8) Fighting
 * Level 14.5(19.5) Maces & Flails
 + Level 6.9(11.9) Armour
 + Level 7.9(12.9) Dodging
 - Level 2.1(7.1) Stealth
 + Level 6.9(11.9) Shields
 + Level 5.2 Invocations


You had 10 spell levels left.
You knew the following spells:

 Your Spells              Type           Power      Damage    Failure   Level
c - Apportation           Tloc           0%         N/A       52%         1

Your spell library contained the following spells:

 Spells                   Type           Power      Damage    Failure   Level
 Foxfire                  Conj/Fire      0%         2x1d4     52%         1
 Magic Dart               Conj           0%         1d3       52%         1
 Corpse Rot               Necr/Air       0%         N/A       65%         2
 Poisonous Vapours        Pois/Air       0%         N/A       65%         2
 Searing Ray              Conj           0%         2d4       65%         2
 Static Discharge         Conj/Air       0%         N/A       65%         2
 Conjure Flame            Conj/Fire      0%         6-21      87%         3
 Frozen Ramparts          Ice            0%         1d2       87%         3
 Inner Flame              Hex/Fire       0%         N/A       87%         3
 Stone Arrow              Conj/Erth      0%         3d7       87%         3
 Dispel Undead            Necr           0%         3d6       99%         4
 Flame Wave               Conj/Fire      0%         2d4       99%         4
 Fulminant Prism          Conj/Hex       0%         3d6       99%         4
 Ice Form                 Ice/Tmut       0%         N/A       99%         4
 Sticky Flame             Conj/Fire      0%         2d3       99%         4
 Lightning Bolt           Conj/Air       0%         1d11      100%        5
 Starburst                Conj/Fire      0%         6d3       100%        6
 Disjunction              Tloc           0%         N/A       100%        8
 Lehudib's Crystal Spear  Conj/Erth      0%         10d2      100%        8
 Animate Armour           Summ/Erth      Unusable   N/A       N/A         4
 Summon Ice Beast         Ice/Summ       Unusable   N/A       N/A         4

Inventory:

Hand Weapons
 a - a +3 eveningstar of venom (weapon)
   (Okawaru gifted it to you on level 1 of the Lair of Beasts)
 b - a +0 whip of electrocution
   (You took it off Pikel on level 6 of the Dungeon)
 c - a +2 morningstar
   (You took it off a wight on level 9 of the Dungeon)
 o - the +7 lajatang of Order {silver, rMut}
   (You found it in a sewer)

   It inflicts extra damage upon those it strikes, and deals substantially
   increased damage to chaotic, mutated and magically transformed beings.
   rMut:      It protects you from mutation.
Missiles
 j - 5 poisoned darts (quivered)
 l - 5 throwing nets {!f}
 A - 6 atropa-tipped darts
 D - 3 boomerangs
Armour
 f - a +0 cloak (worn)
   (You found it on level 2 of the Dungeon)
 s - a +0 buckler (worn)
   (You found it on level 6 of the Dungeon)
 G - a +0 pair of boots (worn)
   (You found it on level 8 of the Dungeon)
 H - a +1 hat of willpower (worn)
   (You bought it in a shop on level 8 of the Dungeon)
 I - a +0 ring mail (worn)
   (You found it on level 1 of the Dungeon)
Jewellery
 r - a ring of fire (left hand)
   (You found it on level 3 of the Dungeon)
Wands
 d - a wand of iceblast (9)
   (You found it on level 9 of the Dungeon)
 u - a wand of paralysis (7)
   (You found it on level 7 of the Dungeon)
 x - a wand of acid (7)
   (You found it on level 1 of the Lair of Beasts)
Scrolls
 e - a scroll of noise {!r}
 h - 5 scrolls of teleportation {@r4}
 k - a scroll of brand weapon
 n - 2 scrolls of holy word
 p - 2 scrolls of amnesia
 q - 4 scrolls of enchant weapon
 w - a scroll of blinking {unknown}
 y - a scroll of acquirement {unknown}
 z - a scroll of vulnerability {unknown}
 C - 2 scrolls of fog
 J - a scroll of torment {unknown}
Potions
 g - a potion of magic
 i - 2 potions of lignification {!q}
 m - 5 potions of brilliance
 B - 2 potions of attraction {!q}
 F - 5 potions of curing {@q1}


Message History

You sock the two-headed ogre!
The two-headed ogre looks as sick as possible!
The salamander hits you from afar with a +0 glaive.
* * * LOW HITPOINT WARNING * * *
You are engulfed in flames!
You resist.
* * * LOW HITPOINT WARNING * * *
Unknown command.
Unknown command.
You puncture the two-headed ogre!
The two-headed ogre looks as sick as possible!
The two-headed ogre hits you with a +2 great mace of flaming.
* * * LOW HITPOINT WARNING * * *
The two-headed ogre burns you.
* * * LOW HITPOINT WARNING * * *
The two-headed ogre hits you with a +0 giant club of flaming!
* * * LOW HITPOINT WARNING * * *
The two-headed ogre burns you.
* * * LOW HITPOINT WARNING * * *
Okay, then.
Okay, then.
Aiming: Iceblast
Press: ? - help, Shift-Dir - straight line, f - two-headed ogre
Aim: a two-headed ogre, wielding a +2 great mace of flaming and a +0 giant club of flaming (heavily wounded, extremely poisoned)
Okay, then.
Aiming: Iceblast
Press: ? - help, Shift-Dir - straight line, f - two-headed ogre
Aim: a two-headed ogre, wielding a +2 great mace of flaming and a +0 giant club of flaming (heavily wounded, extremely poisoned)
The mass of ice explodes!
The iceblast engulfs the two-headed ogre!
The iceblast engulfs the hell hog!
You hit the two-headed ogre but do no damage.
The two-headed ogre looks as sick as possible!
The two-headed ogre misses you.
The two-headed ogre hits you but does no damage.
Okay, then.
As you read the scroll labelled TUUCKY FAVO, it crumbles to dust.
It is a scroll of enchant weapon.
Your +2 eveningstar of venom glows red for a moment.
The two-headed ogre closely misses you. The two-headed ogre barely misses you.
Okay, then.
You feel yourself speed up.
The hell hog splashes around in the water.
The salamander hits you from afar with a +0 glaive.
* * * LOW HITPOINT WARNING * * *
You are engulfed in flames.
You resist.
* * * LOW HITPOINT WARNING * * *
The hell hog misses you.
The two-headed ogre closely misses you. x2
The hell hog breathes fire at you.
The fireball explodes!
The fireball engulfs you. You resist.
You die...

≈≈≈≈≈≈≈≈.......§≈≈≈§§#≈
≈≈≈≈≈≈≈...####.§§≈≈§≈§#
≈≈≈≈≈≈≈≈.##..##..§≈§§§≈
≈≈≈≈≈≈≈≈.#...†#..§≈≈≈§#
≈≈≈≈≈≈≈..#....')≈≈≈≈≈#≈
≈≈≈≈≈≈≈.#^..)#§§§§≈≈≈#
≈≈≈≈≈≈≈.##..##§§§§§≈≈§
≈≈≈≈≈≈...####...≈§≈≈≈≈
≈≈≈≈≈≈≈@.......≈≈§≈≈#≈
≈≈≈≈≈≈≈..####..≈≈≈≈§§#
≈≈≈≈≈≈hO## ##..≈§§§§≈
≈≈≈≈≈≈NN# #.≈≈≈§§≈§
≈≈≈≈≈≈≈.'.N).#..≈≈§≈§≈
≈≈≈≈≈≈≈.#...[#§≈≈≈≈≈≈≈
≈≈≈≈≈≈≈.##..##§≈≈≈§≈
≈≈≈≈≈≈≈.. ### ≈≈§≈
≈≈≈≈≈≈≈..


You could see 2 salamanders, a hell hog (catching breath) and a two-headed ogre
(extremely poisoned).

Vanquished Creatures
  A two-headed ogre (Volcano)
  A hell hog (Volcano)
  Pikel (D:6)
  A black mamba (Lair:1)
  A cane toad (Lair:1)
  2 rime drakes (Lair:1)
  4 komodo dragons
  A polar bear (Lair:2)
  A troll (D:7)
  A hornet (D:7)
  4 blink frogs
  Prince Ribbit (D:8)
  Sigmund (D:5)
  A wyvern (D:8)
  31 yaks
  A basilisk (Lair:2)
  A redback (Lair:3)
  2 wargs (D:8)
  Edmund (D:5)
  4 water moccasins
  5 orc warriors
  2 ice beasts
  2 sky beasts (D:6)
  2 black bears
  8 necrophages
  6 wolves (Lair:2)
  2 ogres
  6 centaurs
  6 bullfrogs
  A gnoll sergeant (D:7)
  6 scorpions (D:5)
  A wyvern skeleton (D:7)
  3 killer bees (D:7)
  3 howler monkeys (D:9)
  4 wights (D:9)
  3 hounds
  A bullfrog skeleton (D:5)
  A centaur skeleton (D:7)
  3 centaur zombies
  7 orc priests
  2 gnoll shamans
  6 iguanas
  9 orc wizards
  A killer bee zombie (D:8)
  A howler monkey zombie (D:8)
  14 gnolls
  10 adders
  A howler monkey skeleton (D:7)
  A river rat (D:5)
  A shadow imp (D:7)
  A white imp (D:5)
  2 ufetubi
  A worm (D:2)
  3 dart slugs
  26 orcs
  7 ball pythons
  A bat zombie (D:6)
  8 endoplasms
  7 giant cockroaches
  4 goblins
  2 hobgoblins (D:1)
  7 jackals
  2 kobolds
  2 quokkas
  7 bats
  A frilled lizard (D:1)
  5 rats
265 creatures vanquished.

Vanquished Creatures (others)
  An orc (D:9)
  A bush (Lair:1)
  7 fungi
  24 plants
33 creatures vanquished.

Grand Total: 298 creatures vanquished

Notes
Turn   | Place    | Note
-------+----------+-------------------------------------------
     0 | D:1      | Findor the Gargoyle Monk began the quest for the Orb.
     0 | D:1      | Reached XP level 1. HP: 14/14 MP: 1/1
   224 | D:1      | Reached XP level 2. HP: 13/19 MP: 2/2
   233 | D:1      | HP: 1/19 [hobgoblin (4)]
   710 | D:1      | Reached skill level 4 in Maces & Flails
  1055 | D:1      | Reached XP level 3. HP: 23/23 MP: 3/3
  1378 | D:2      | Reached XP level 4. HP: 17/28 MP: 4/4
  1666 | D:2      | Reached skill level 5 in Maces & Flails
  1887 | D:2      | Found Viepn's Armour Emporium.
  2628 | D:3      | Found a faded altar of an unknown god.
  2991 | D:4      | Noticed a black bear
  3004 | D:3      | Killed a black bear
  3005 | D:3      | Reached skill level 6 in Maces & Flails
  3005 | D:3      | Reached XP level 5. HP: 12/32 MP: 5/5
  3274 | D:4      | Noticed a necrophage
  3284 | D:4      | Killed a necrophage
  3285 | D:4      | Reached skill level 7 in Maces & Flails
  3285 | D:4      | Reached XP level 6. HP: 26/37 MP: 6/6
  3523 | D:4      | Found an opulent altar of Gozag.
  3605 | D:4      | Noticed a necrophage
  3629 | D:4      | Killed a necrophage
  3828 | D:4      | Got the Volume of Dislocated Combat Magic
  3834 | D:4      | Noticed a necrophage
  3837 | D:4      | Learned a level 1 spell: Apportation
  3853 | D:4      | Killed a necrophage
  3854 | D:4      | Reached XP level 7. HP: 32/41 MP: 7/7
  4334 | D:4      | Found a shadowy altar of Dithmenos.
  4336 | D:4      | Found a white marble altar of Elyvilon.
  4336 | D:4      | Found a burning altar of Makhleb.
  4336 | D:4      | Found a radiant altar of Vehumet.
  4336 | D:4      | Found a glowing silver altar of Zin.
  4351 | D:4      | Reached skill level 8 in Maces & Flails
  4352 | D:4      | Found a sacrificial altar of Ru.
  4353 | D:4      | Found a shimmering blue altar of Sif Muna.
  4482 | D:5      | Entered Level 5 of the Dungeon
  4820 | D:5      | Reached skill level 9 in Maces & Flails
  4872 | D:5      | Found a glowing drain.
  4907 | Sewer    | Entered a sewer
  5023 | Sewer    | Reached XP level 8. HP: 33/46 MP: 8/8
  5107 | Sewer    | Found the +7 lajatang of Order {silver, rMut}
  5172 | D:5      | Noticed Edmund
  5212 | D:5      | Killed Edmund
  5213 | D:5      | Reached skill level 10 in Maces & Flails
  5474 | D:5      | Noticed Sigmund
  5498 | D:5      | Killed Sigmund
  5571 | D:5      | Found a burning altar of Makhleb.
  5764 | D:5      | Found the +7 Singing Sword {vorpal, sonic wave}
  5771 | D:5      | Reached skill level 11 in Maces & Flails
  5968 | D:5      | Reached XP level 9. HP: 43/51 MP: 9/9
  6056 | D:5      | Found a broken altar of Ashenzari.
  6355 | D:6      | Reached skill level 12 in Maces & Flails
  6431 | D:6      | Noticed Pikel
  6545 | D:6      | Killed Pikel
  6677 | D:6      | Reached skill level 13 in Maces & Flails
  7215 | D:6      | Found an ancient bone altar of Kikubaaqudgha.
  7322 | D:6      | Found a runed translucent door.
  7323 | D:6      | Noticed Crazy Yiuf
  7426 | D:7      | Found a staircase to the Ecumenical Temple.
  7434 | Temple   | Entered the Ecumenical Temple
  7655 | Temple   | Became a worshipper of Warmaster Okawaru
  7655 | Temple   | Reached * piety under Okawaru
  7655 | Temple   | Reached ** piety under Okawaru
  7972 | D:7      | Reached XP level 10. HP: 55/56 MP: 10/10
  7985 | D:7      | Reached skill level 14 in Maces & Flails
  8124 | D:7      | Reached skill level 1 in Armour
  8124 | D:7      | Reached skill level 1 in Shields
  8150 | D:7      | Reached skill level 3 in Dodging
  8157 | D:7      | Reached *** piety under Okawaru
  9384 | D:8      | Reached skill level 3 in Armour
  9384 | D:8      | Reached skill level 3 in Shields
  9604 | D:8      | Found a staircase to the Lair.
  9604 | D:8      | Noticed Prince Ribbit
  9649 | D:8      | Killed Prince Ribbit
  9852 | D:8      | Found Haefagi's Armour Shoppe.
  9939 | D:8      | Reached **** piety under Okawaru
 10584 | D:8      | Bought a +1 hat of willpower for 160 gold pieces
 10834 | D:9      | Reached skill level 1 in Invocations
 10836 | D:9      | Found a staircase to the Orcish Mines.
 10842 | D:9      | Reached XP level 11. HP: 50/64 MP: 11/11
 11219 | D:9      | Reached skill level 6 in Fighting
 11276 | D:9      | Reached skill level 6 in Dodging
 11298 | D:9      | Reached ***** piety under Okawaru
 11645 | D:9      | Found a runed translucent door.
 11645 | D:9      | Noticed glosham's ghost (novice OpDe)
 11955 | Lair:1   | Entered Level 1 of the Lair of Beasts
 11992 | D:8      | Reached skill level 3 in Invocations
 12158 | D:8      | HP: 13/66 [blink frog (7)]
 12685 | Lair:1   | Reached skill level 6 in Armour
 12685 | Lair:1   | Reached skill level 6 in Shields
 12689 | Lair:1   | Received a gift from Okawaru
 13478 | Lair:1   | Reached XP level 12. HP: 60/72 MP: 13/15
 14053 | Lair:3   | Found a hole to the Spider Nest.
 14053 | Lair:3   | Noticed Gastronok
 14346 | Lair:2   | Found a dark tunnel.
 14352 | Volcano  | Entered a volcano
 14397 | Volcano  | Noticed a two-headed ogre
 14397 | Volcano  | Noticed a hell hog
 14404 | Volcano  | Killed a two-headed ogre
 14416 | Volcano  | Killed a hell hog
 14574 | Volcano  | Noticed a hell hog
 14574 | Volcano  | Noticed a two-headed ogre
 14574 | Volcano  | Noticed a hell hog
 14579 | Volcano  | HP: 11/73 [two-headed ogre (11)]
 14585 | Volcano  | HP: 5/73 [salamander (6)]
 14585 | Volcano  | HP: 1/73 [salamander (4)]
 14586 | Volcano  | Killed from afar by a hell hog

Levels and vault maps discovered:
D:1:      dpeg_arrival_ternary, layout_loops_ring
D:2:      layout_loops_ring, serial_shops, shop_statue, minmay_diced_spiral
D:3:      layout_basic, basic_ecumenical_altar
D:4:      layout_loops_corners, minitemple, minmay_splitting_lines
D:5:      old_forge, layout_basic, portal_sewer_entry_a,
          hangedman_feature_mirror, serial_bayou_pond_e,
          sigmund_edmund_badplayer
D:6:      layout_rooms, lemuel_zombie_altar_kikubaaqudgha, dk_noncrumbling_4,
          chequers_serial_rivers_large_a, uniq_pikel, uniq_sigmund,
          uniq_crazy_yiuf_cottage
D:7:      layout_basic, minmay_temple_entry_statues_fountains,
          minmay_manual_mess
D:8:      layout_basic, erik_lair_orcish_takeover, serial_shops,
          nicolae_inconvenience_store, minmay_misc_feat_square,
          nicolae_zen_rock_garden, uniq_prince_ribbit1
D:9:      layout_loops_ring, orc_0_dummy, ebering_ghost_reflecting_pool
Temple:   nicolae_temple_figure_eight
Lair:1:   layout_loops_ring, grunt_megastairs_4
Lair:2:   layout_roguey, minmay_shoals_entry_centaurs,
          nicolae_volcano_entry_lava_flow, st_stairs_7
Lair:3:   wad_woods_minihive, layout_long_grid, spider_nest_entry_webs,
          kennysheep_snail_temple, uniq_gastronok
Volcano:  volcano_village

Action                   |  1- 3 |  4- 6 |  7- 9 | 10-12 || total
-------------------------+-------+-------+-------+-------++-------
Melee: Mace              |    80 |   127 |   135 |       ||   342
       Punch             |     3 |       |     3 |       ||     6
       Dire flail        |       |       |   217 |   546 ||   763
       Eveningstar       |       |       |       |   150 ||   150
Throw: Dart              |       |     3 |     7 |     3 ||    13
Invok: Heroism           |       |       |       |     9 ||     9
       Finesse           |       |       |       |     4 ||     4
Evoke: Wand              |       |       |       |     3 ||     3
  Use: Potion            |     1 |     1 |     2 |     5 ||     9
       Scroll            |       |       |     9 |     7 ||    16
 Stab: Sleeping          |     5 |     3 |       |     1 ||     9
       Paralysed         |       |       |       |     3 ||     3
Armor: Ring mail         |    43 |    67 |   148 |   285 ||   543
Dodge: Dodged            |    66 |    82 |   178 |   349 ||   675
Block: Buckler           |       |       |       |    56 ||    56
